cohdb
Replays
Latest Replays
All Replays
Popular Replays
Top Player Replays
Match Explorer
How It Works
Community
CoH3 Stats
Reddit
Sign in to upload your games and track your stats! →
Sign in with Steam
Match 46915052
Unlisted
Match 46915052
Overview
Messages
Build Orders
End
Construct Infanterie Kompanie
MG 42 Machine Gun Team
Selects Italian Coastal Battlegroup
Selects Coastal Reserves
Coastal Reserve
Coastal Reserve
Coastal Reserve
MG 42 Bunker
MG 42 Bunker
Selects Support Bunkers
GrW 34 Mortar Team
Medical Bunker
Selects Rapid Fortifications
Rapid Fortifications
MG 42 Bunker
Infanterie Officer Quarters
Rapid Fortifications
Construct Panzergrenadier Kompanie
Selects Bulwark
Selects Artillery Officer
Selects Artillery Officer
MG 42 Bunker
Construct Panzer Kompanie
MG 42 Bunker
Panzer IV Medium Tank
Medical Bunker
Selects Coastal Wall
Support Elements
StuG III G Assault Gun
MG 42 Bunker
Medical Bunker
MG 42 Bunker
StuG III G Assault Gun
StuG III G Assault Gun
Rapid Fortifications
Medical Bunker
Sturmpanzer IV Brummbär
MG 42 Bunker
Rapid Fortifications
Rapid Fortifications
Construct Panzergrenadier Kompanie
MG 42 Bunker
Sturmpanzer IV Brummbär
Coastal Reserve
Nebelwerfer 42 Rocket Launcher Team
Nebelwerfer 42 Rocket Launcher Team
Coastal Reserve
Artillery Officer
Rapid Fortifications
MG 42 Bunker
Pak 40 Anti-tank Gun Team
Pak 40 Anti-tank Gun Team
Coziii
Kenny
Nukepapa
PotatoPleb
0
0
Comments
sign in to comment!
No comments posted yet!